Unix NetHack Version 5.0.0-0 post-release - last build Jun 10 2026 00:39:30 (3ee93aec679c4c4259841fe613dc97188e26a321,branch:main).

Game began 2026-06-23 22:27:57, ended 2026-06-23 22:42:48.

Ch3Begorrah, chaotic male human Rogue

                                       -#------
                                       |......|
                                       |......|
                                       |......|
                                       |..<....#
                                       -.------#
                                       ######  ##
                                          # %   #
                      ------              # #   #                   ###
                      ......              # ######                   -.--
                      |......         ----.---- ##                   |...|
                      |........       |.......|  #                   |...|
                      |........-#     |.`...{.|  #                   |...|
                      -.......  #####df.......|  #####               |..||
                      |.....          |.......|     ##            ###....|
                      ------          ---------      #-----      ##  -----
                                                     #.....#######
                                                      |...|
                                                      -----

Ch3Begorrah the Werejackal  St:12 Dx:18 Co:14 In:11 Wi:11 Ch:9  Chaotic
Dlvl:4  $:130 HP:9(9) Pw:10(10) AC:7  HD:2 T:1385  Overloaded

Latest messages:
 Unlock it with your lock pick? [ynq] (q) y
 You succeed in picking the lock.
 The door resists!
 The door resists!
 The door resists!
 The door opens.
 You swap places with your kitten.
 You hear some noises.
 You hear a jackal howling at the moon.
 You swap places with your kitten.
 You hit the gecko.
 The gecko bites!
 You hit the gecko!
 You kill the gecko!
 What do you want to write with? [- gjlnwAE or ?*] -
 You write in the dust with your fingertip.
 What do you want to write in the dust here? ELbereth
 The werejackal turns to flee.
 In what direction? h
 The dagger hits it.
 You swap places with your kitten.
 In what direction? h
 The dagger hits it.
 In what direction? h
 You throw 2 daggers.
 The 1st dagger hits the werejackal!
 The 2nd dagger hits the werejackal.
 In what direction? h
 The dagger hits the werejackal.
 The werejackal bites!
 You feel feverish.
 In what direction? h
 The dagger hits the werejackal.
 The werejackal bites!
 You kill the werejackal!
 A - 2 +1 daggers (at the ready) (8 in total).
 A - 2 +1 daggers (at the ready) (10 in total).
 The kobold wields 2 daggers!
 You hit the kobold.
 You kill the kobold!
 You learn more about your items by comparing them.
 A - 2 +1 daggers (at the ready) (12 in total).
 You see here a kobold corpse.
 You turn into a werejackal!
 Your armor falls around you!
 You can't even move a handspan with this load!
 You find you must drop your dagger!
 Use the command #monster to summon help.
 Really quit without saving? [yn] (n) y
 Do you want your possessions identified? [ynq] (y) q

Inventory:
 Coins    ('$')
  $ - 130 gold pieces
 Weapons  (')')
  A - 12 +1 daggers (at the ready)
  j - a cursed +0 guisarme
 Comestibles  ('%')
  b - 2 uncursed food rations
  Z - an uncursed tripe ration
 Scrolls  ('?')
  J - a cursed scroll of destroy armor named cursed
  t - a blessed scroll of gold detection
  C - an uncursed scroll of identify named ok
  o - an uncursed scroll of magic mapping named ok
  I - an uncursed scroll of remove curse named ok
 Potions  ('!')
  u - a blessed potion of confusion
  m - an uncursed potion of extra healing
  G - an uncursed potion of fruit juice
  F - an uncursed potion of hallucination
  r - a blessed potion of healing
  v - an uncursed potion of monster detection
  d - an uncursed potion of sickness
 Tools    ('(')
  f - an empty uncursed sack
  D - an expensive camera (0:65)
  e - an uncursed lock pick
 Gems/Stones  ('*')
  w - an uncursed worthless piece of green glass
  E - a cursed worthless piece of green glass
  n - an uncursed worthless piece of violet glass
  l - a cursed worthless piece of yellow glass

Ch3Begorrah the Rogue's attributes:

Background:
 You were in male werejackal form.
 You were actually a Cutpurse, a level 3 male human Rogue.
 You were chaotic, nominally on a mission for Kos
 who was opposed by Issek (lawful) and Mog (neutral).
 You were normally right-handed.
 You were in the Dungeons of Doom, on level 4.
 You entered the dungeon 1385 turns ago.
 It was nighttime.

Basics:
 You had all 9 hit points.
 You had all 10 energy points (spell power).
 You had 2 hit dice.
 Your armor class was 7.
 Your wallet contained 130 zorkmids.
 Autopickup was on for '$!/(' plus thrown, with exceptions.

Final Characteristics:
 Your strength was 12.
 Your dexterity was 18.
 Your constitution was 14.
 Your intelligence was 11.
 Your wisdom was 11.
 Your charisma was 9.

Final Status:
 You were transformed.
 You weren't hungry.
 You were overloaded; movement was not possible.
 You weren't wielding anything.
 You were unskilled in bare handed combat.
 You weren't wearing any armor.

Final Attributes:
 You were devoutly aligned.
 You were poison resistant.
 You were level-drain resistant.
 You were stealthy.
 You regenerated.
 You were a werejackal in beast form.
 You were harmed by silver.
 You survived.

Miscellaneous:
 You didn't encounter any bones levels.
 Total elapsed playing time was 14 minutes and 50 seconds.

Major events:
 Turn
    1: Ch3Begorrah the chaotic male human Rogue entered the dungeon
  990: attained the rank of Cutpurse (level 3)
 1057: entered the Gnomish Mines
 1385: quit

You didn't know any spells.

Skills:
 Fighting Skills
   bare handed combat [Unskilled]
   two weapon combat  [Unskilled]
   riding             [Unskilled]
 Weapon Skills
   dagger             [Basic]
   knife              [Unskilled]
   short sword        [Basic]
   broadsword         [Unskilled]
   long sword         [Unskilled]
   two-handed sword   [Unskilled]
   saber              [Unskilled]
   club               [Unskilled]
   mace               [Unskilled]
   morning star       [Unskilled]
   flail              [Unskilled]
   hammer             [Unskilled]
   polearms           [Unskilled]
   spear              [Unskilled]
   crossbow           [Unskilled]
   dart               [Unskilled]
   shuriken           [Unskilled]
 Spellcasting Skills
   divination spells  [Unskilled]
   escape spells      [Unskilled]
   matter spells      [Unskilled]

Voluntary challenges:
 Character rerolling was not enabled.
 You followed a strict vegan diet.
 You were an atheist.
 You never genocided any monsters.
 You never polymorphed an object.
 You used no wishes.
Achievements:
 You entered a shop.
 You attained the rank of Cutpurse.
 You entered the Gnomish Mines.

 The Dungeons of Doom: levels 1 to 4
    Level 1:
    Level 2:
       A general store, a fountain, a sink.
    Level 3:
       A fountain, some sinks.
       Stairs down to The Gnomish Mines.
    Level 4: <- You were here.
       A fountain, a grave.
 The Gnomish Mines:
    Level 4:


Vanquished creatures:
  a lynx
  a rock piercer
  a werejackal
 an iguana
 an acid blob
  a cave spider
  a gecko
  a jackal
  a fox
  a kobold
  2 goblins
  9 grid bugs
  a lichen
  a kobold zombie
  4 newts
27 creatures vanquished.

No species were genocided or became extinct.

Goodbye Ch3Begorrah the Rogue...

You quit in The Dungeons of Doom on dungeon level 4 with 572 points,
and 130 pieces of gold, after 1385 moves.
You were level 3 with a maximum of 29 hit points when you quit.

